 Dungeon Crawl Stone Soup version 0.31.0 (webtiles) character file.

Game seed: 9041877365199020680

36 Esekla the Sneak (level 3, 10/26 HPs)
             Began as an Octopode Delver on Jan 19, 2024.
             Quit the game on level 5 of the Dungeon.
             The game lasted 00:01:58 (129 turns).

Esekla the Sneak (Octopode Delver)                   Turns: 129, Time: 00:01:58

Health: 10/26      AC:  1    Str: 11    XL:     3   Next: 37%
Magic:  3/3        EV: 13    Int: 14    God:
Gold:   36         SH:  0    Dex: 13    Spells: 2/2 levels left

rFire   . . .        a - +0 falchion
rCold   . . .        (no shield)
rNeg    . . .        (helmet restricted)
rPois   .            (no amulet)
rElec   .            (no ring)
rCorr   .            (no ring)
SInv    .            (no ring)
Will    .....        (no ring)
Stlth   ++++         (no ring)
HPRegen 0.24/turn    (no ring)
MPRegen 0.08/turn    (no ring)
                     (no ring)

%: no passive effects
@: no status effects
A: almost no armour, amphibious, 8 rings, camouflage 1, gelatinous body 1,
(nimble swimmer 1), tentacles
a: no special abilities


You were on level 5 of the Dungeon.
You visited 1 branch of the dungeon, and saw 1 of its levels.

You collected 36 gold pieces.

Inventory:

Hand Weapons
 a - a +0 falchion (weapon)
Missiles
 i - 5 poisoned darts (quivered)
Wands
 f - a wand of digging (3)
Scrolls
 b - a scroll of fog
 c - a scroll of revelation
 d - a scroll of fear
 g - a scroll of enchant armour {unknown}
 h - a scroll of immolation {unknown}
 j - a scroll of teleportation {unknown}
 k - a scroll of noise {unknown}
 n - a scroll of identify {unknown}
Potions
 e - a potion of haste
 l - a potion of heal wounds {unknown}
 m - a potion of curing {unknown}


   Skills:
 * Level 3.2 Fighting
 * Level 2.1 Long Blades
 * Level 2.2 Dodging
 + Level 7.4 Stealth
 * Level 0.4 Spellcasting


You had 2 spell levels left.
You didn't know any spells.
Your spell library was empty.

Dungeon Overview and Level Annotations

Branches:
Dungeon (5/15)
 Temple: D:4-7

Altars:
Wu Jian

Shops:
D:5 *


Innate Abilities, Weirdness & Mutations

You cannot wear most types of armour.
You are amphibious.
You can wear up to eight rings at the same time.
Your skin changes colour to match your surroundings (Stealth+).
Your rubbery body absorbs attacks. (AC +1, EV +1)
((You are camouflaged when in or above water. (Stealth+)))
You have tentacles for arms and can constrict up to eight enemies at once.


Message History

m - a sedimented green potion You see here a scroll labelled SACVEME WUUFYH.
n - a scroll labelled SACVEME WUUFYH You hit the iguana.
You grab the iguana.
The iguana is lightly wounded.
You constrict the iguana. The iguana barely misses you. The iguana bites you!
You hit the iguana but do no damage.
The iguana is lightly wounded.
You constrict the iguana. The iguana bites you.
You hit the iguana.
The iguana is moderately wounded.
You constrict the iguana, but do no damage.
The iguana barely misses you.
You hit the iguana.
You squeeze the iguana, but do no damage.
The iguana is moderately wounded.
You constrict the iguana. The iguana bites you.
* * * LOW HITPOINT WARNING * * *
You hit the iguana but do no damage.
You squeeze the iguana, but do no damage.
The iguana is heavily wounded.
You constrict the iguana. The iguana completely misses you.
You hit the iguana but do no damage.
You squeeze the iguana, but do no damage.
The iguana is severely wounded.
You constrict the iguana.
You kill the iguana!
You have reached level 3!
Your experience leads to an increase in your attributes!
Increase (S)trength, (I)ntelligence, or (D)exterity?
You feel clever. x2
Found 3 poisoned darts.
A jackal comes into view.
i - 5 poisoned darts (gained 3)
A hound comes into view.
The hound barks!
An orc comes into view.
It is wielding a +0 hand axe of freezing.
The hound moves out of view.
An ogre comes into view. It is wielding a +0 giant club.
Are you sure you want to abandon this character and quit the game? (Confirm with "yes".)

,,*,,***#...,..**
.,**,,**,#h.#..,*
..**,*,,*,#..#.,*
..*,,**,,,*#...,###
..,,,*,,..###..##.#
..,,,,,,#.oO#..#..##
*,,,,,,,,,_#.h.....#
##,,,**,#...#..#...#
..,,,**,.,*##..#@..#
..,,,*,,,*##.....###
..,,,**,,*#.....## **#
..,.,***##..###.##**.##
#.##.#,*#..#* #..##...#
#.....,,..#* ##.......#
..#...###.# ##........#
#.#.......###†...######
#*........#.....##


You could see a jackal (wandering).

Vanquished Creatures
  An iguana (D:5)
  An adder (D:5)
2 creatures vanquished.

Notes
Turn   | Place    | Note
-------+----------+-------------------------------------------
     0 | D:5      | Esekla the Octopode Delver began the quest for the Orb.
     0 | D:5      | Reached XP level 1. HP: 16/16 MP: 1/1
    29 | D:5      | Reached skill level 7 in Stealth
    29 | D:5      | Reached XP level 2. HP: 15/21 MP: 2/2
    47 | D:5      | Noticed an ogre
    84 | D:5      | Found Xaducvih's Fire Supplies.
   118 | D:5      | Reached XP level 3. HP: 7/26 MP: 3/3
   127 | D:5      | Noticed an ogre
   129 | D:5      | Quit the game

Illustrated notes

Levels and vault maps discovered:
D:5:      layout_cave_pools, chequers_garden, nicolae_shop_fire_sale
          [nicolae_sub_dead_trees], minmay_ruined_shrine

Skill      XL: |  1 |
---------------+----+-----
Stealth        | 7 |  7.4
Fighting       | |  3.2
Long Blades    | |  2.1
Dodging        | |  2.2
Spellcasting   | |  0.4

Action                     || total
---------------------------++-------
  Melee: Falchion          ||    11
         Tentacles         ||     5
         Constrict         ||     2
    Use: Scroll            ||     1
 Armour: Skin              ||     5
  Dodge: Dodged            ||     7
